 Dungeon Crawl Stone Soup version 0.31-a0-1589-g8f5e8aebd6 (webtiles) character file.

Game seed: 9525526856691577457

261 MisterAzrael the Ducker (level 6, -6/47 HPs)
             Began as a Djinni Fire Elementalist on Jan 6, 2024.
             Killed from afar by Natasha (9 damage)
             ... with a magic dart
             ... on level 4 of the Dungeon.
             The game lasted 00:04:59 (3670 turns).

MisterAzrael the Ducker (Djinni Fire Elementalist)  Turns: 3670, Time: 00:05:00

Health: -6/47      AC:  2    Str:  9    XL:     6   Next: 42%
Gold:   152        EV: 13    Int: 19    God:
                   SH:  0    Dex: 13

rFire   + + +        i - +4 dagger "Omauroyr" {heavy, *Corrode rElec rF++ Str+2}
rCold   x . .        (no shield)
rNeg    . . .        a - +0 robe
rPois   ∞            (no helmet)
rElec   +            (no cloak)
rCorr   .            (no gloves)
SInv    .            (boots unavailable)
Will    .....        (no amulet)
Stlth   ++           (no ring)
HPRegen 0.27/turn    (no ring)
MPRegen 0.00/turn

%: corrode self (3%), infuse magic (-7 HP)
@: flying
A: sickness immunity, fire resistance 2, cold vulnerability 1, float, innate
caster, HP casting, extra vitality 1
a: no special abilities


You were on level 4 of the Dungeon.
You visited 1 branch of the dungeon, and saw 4 of its levels.

You collected 152 gold pieces.

Inventory:

Hand Weapons
 i - the +4 dagger "Omauroyr" (weapon) {heavy, *Corrode rElec rF++ Str+2}
   (You found it on level 2 of the Dungeon)

   Str+2:     It affects your strength (+2).
   rF++:      It greatly protects you from fire.
   rElec:     It insulates you from electricity.
   *Corrode:  It may corrode you when you take damage.
Armour
 a - a +0 robe (worn)
Talismans
 h - a serpent talisman
Scrolls
 b - a scroll of teleportation
 c - 6 scrolls of identify {unknown}
 f - a scroll of fog
Potions
 d - 2 potions of curing {unknown}
 e - a potion of haste {unknown}
 l - 2 potions of attraction {unknown}


   Skills:
 * Level 3.7 Fighting
 + Level 3.9 Dodging
 - Level 1.9 Stealth
 + Level 3.8 Spellcasting
 + Level 3.8 Conjurations
 + Level 3.8 Hexes
 + Level 3.8 Summonings
 + Level 3.8 Necromancy
 + Level 3.8 Translocations
 + Level 3.8 Fire Magic
 + Level 3.8 Ice Magic
 + Level 3.8 Air Magic
 + Level 3.8 Earth Magic
 + Level 3.8 Alchemy


You knew the following spells:

 Your Spells              Type           Power      Damage    Failure   Level
a - Foxfire               Conj/Fire      72%        2x1d7     3%          1
b - Scorch                Fire           36%        2d6       4%          2
c - Volatile Blastmotes   Fire/Tloc      36%        2d13      9%          3
d - Inner Flame           Hex/Fire       18%        N/A       9%          3
e - Flame Wave            Conj/Fire      18%        2d7       28%         4
f - Kiss of Death         Conj/Necr      72%        2d10      3%          1
g - Momentum Strike       Conj/Tloc      36%        3d9       4%          2
Your spell library was empty.

Dungeon Overview and Level Annotations

Branches:
Dungeon (4/15)
 Temple: D:4-7

Altars:

Annotations:
D:4 Natasha


Innate Abilities, Weirdness & Mutations

You are immune to sickness and miasma.
You are immune to poison.
Your flesh is very heat resistant. (rF++)
You are vulnerable to cold. (rC-)
You float through the air rather than walking.
You learn spells naturally, not from books.
Your magical power is your life essence.
You have superior vitality. (+4 MHP)


Message History

The foxfire hits the iguana but does no damage.
The iguana is lightly wounded.
The foxfire hits the iguana but does no damage.
The iguana is lightly wounded.
Casting: Foxfire (safe; 3% risk of failure)
Confirm with . or Enter, or press ? or * to list all spells.
Flames lash the iguana.
The iguana is moderately wounded.
The iguana's fire resistance burns away.
Casting: Scorch (safe; 4% risk of failure)
Confirm with . or Enter, or press ? or * to list all spells.
Flames lash Natasha.
Natasha is heavily wounded.
Natasha's fire resistance burns away.
Natasha howls an incantation.
Natasha shimmers violently.
Casting: Scorch (safe; 4% risk of failure)
Confirm with . or Enter, or press ? or * to list all spells.
Aiming: Inner Flame (dangerous; 9% risk of failure)
Press: ? - help, Dir - move target, f - Natasha
Aim: Natasha (heavily wounded, more vulnerable to fire, chance to affect: 73%) Natasha is filled with an inner flame.
The iguana is no longer more vulnerable to fire.
Natasha stares at you and mumbles some strange words.
The magic dart hits you. The iguana bites you!
Casting: Inner Flame (dangerous; 9% risk of failure)
Confirm with . or Enter, or press ? or * to list all spells.
Flames lash the iguana.
The iguana is heavily wounded.
The iguana's fire resistance burns away.
The cerulean imp closely misses you. Natasha claws you. The iguana bites you!
* * * LOW HITPOINT WARNING * * *
Natasha attacks as she pursues you! Natasha claws you.
* * * LOW HITPOINT WARNING * * *
Natasha is no longer more vulnerable to fire.
The iguana is no longer more vulnerable to fire.
Natasha casts a spell at you. The magic dart hits you!
You die...
Natasha curls up and begins to purr.

....... . #.....#
.####.........#.#.#...#
.#.##..# .#
........#.......##.#.##..#
#.
........#.#........#.....#
..
........#.#.#......#.#...##
...
........#.#.#.#.##.###.....
...
......................†...#
........#.#[.....#.##.....#
.......lh.@........##.....#
#.#.###5#.#......####......
#...#................
#####.#.#######...... .
#.#.#.# #...... .. #.#...#
#...... ... #.###.# #..###.
....#####.###.#####...##.
.......#.#.......#...##.


You could see an iguana, Natasha (inner flame) and a cerulean imp (summoned).

Vanquished Creatures
  Edmund (D:4)
  A hound (D:4)
  An iguana (D:4)
  An adder (D:2)
  A ribbon worm (D:2)
  3 dart slugs
  4 orcs (D:4)
  5 endoplasms (D:1)
  3 giant cockroaches
  7 goblins
  4 hobgoblins
  4 jackals (D:1)
  8 kobolds
  A quokka (D:3)
  5 ball pythons
  4 bats (D:1)
  5 frilled lizards
  6 rats
64 creatures vanquished.

Vanquished Creatures (others)
  286 foxfires
286 creatures vanquished.

Grand Total: 350 creatures vanquished

Notes
Turn   | Place    | Note
-------+----------+-------------------------------------------
     0 | D:1      | MisterAzrael the Djinni Fire Elementalist began the quest
                  | for the Orb.
     0 | D:1      | MisterAzrael set off with the following spells memorised:
                  | Foxfire, Scorch, Volatile Blastmotes, Inner Flame, Flame
                  | Wave.
     0 | D:1      | Reached XP level 1. HP: 15/15 MP: 0/0
   183 | D:1      | Reached XP level 2. HP: 14/21 MP: 0/0
   698 | D:1      | Reached XP level 3. HP: 24/26 MP: 0/0
   698 | D:1      | Learned a level 1 spell: Kiss of Death
   780 | D:1      | Reached skill level 1 in Fighting
  1642 | D:2      | Reached XP level 4. HP: 24/27 MP: 0/0
  1880 | D:2      | Identified the +4 dagger "Omauroyr" {heavy, *Corrode rElec
                  | rF++ Str+2}
  2484 | D:3      | Noticed a scorpion
  3251 | D:4      | Noticed Edmund
  3267 | D:4      | Killed Edmund
  3268 | D:4      | Reached XP level 5. HP: 3/40 MP: 0/0
  3268 | D:4      | Learned a level 2 spell: Momentum Strike
  3268 | D:4      | Reached XP level 6. HP: 3/46 MP: 0/0
  3660 | D:4      | Noticed Natasha
  3670 | D:4      | Killed from afar by Natasha

Illustrated notes

Levels and vault maps discovered:
D:1:      arrival_zaba_pyramid, layout_loops_corners, due_unseen_surprise
D:2:      layout_basic, kennysheep_cluttered_room
D:3:      layout_loops_ring
D:4:      layout_basic, uniq_natasha, uniq_crazy_yiuf_cottage, uniq_edmund

Skill      XL: |  1  2  3  4 |
---------------+-------------+-----
Fighting       | 1 3 |  3.7
Dodging        | 3 |  3.9
Stealth        | |  1.9
Spellcasting   | |  3.8
Conjurations   | |  3.8
Hexes          | |  3.8
Summonings     | |  3.8
Necromancy     | |  3.8
Translocations | |  3.8
Fire Magic     | |  3.8
Ice Magic      | |  3.8
Air Magic      | |  3.8
Earth Magic    | |  3.8
Alchemy        | |  3.8

Action                     |  1- 3 |  4- 6 || total
---------------------------+-------+-------++-------
  Melee: Unarmed           |     1 |       ||     1
         Dagger            |       |     1 ||     1
   Cast: Foxfire           |   108 |    67 ||   175
         Scorch            |     2 |    12 ||    14
         Kiss of Death     |     2 |       ||     2
         Inner Flame       |       |     7 ||     7
    Use: Scroll            |       |     5 ||     5
 Armour: Robe              |    15 |    15 ||    30
  Dodge: Dodged            |    23 |    15 ||    38

Table legend: (Time is in decaauts)
 A = Elapsed time spent in this place.
 B = Non-inter-level travel time spent in this place.
 C = Inter-level travel time spent in this place.
 D = Time resting spent in this place.
 E = Time spent auto-exploring this place.
 F = Levels seen in this place.
 G = Mean time per level.
                   A        B        C        D        E       F      G
               +--------+--------+--------+--------+--------+-----+--------+
         Total |   3671 |   3582 |     89 |    501 |   2619 |   4 |  917.8 |
       Dungeon |   3671 |   3582 |     89 |    501 |   2619 |   4 |  917.8 |
               +--------+--------+--------+--------+--------+-----+--------+

Top non-repeatable levels by time:
     D:1: 1501 daAuts
     D:2: 802 daAuts
     D:3: 780 daAuts
     D:4: 587 daAuts
